 Dungeon Crawl Stone Soup version 0.17.2-1-ge4368a0 (webtiles) character file.

32 Goblin1989 the Insei (level 3, -1/26 HPs)
             Began as a Demonspawn Transmuter on Dec 7, 2016.
             Was an Initiate of Ru.
             Slain by a gnoll
             ... wielding a +0 club
              (6 damage)
             ... on level 3 of the Dungeon.
             The game lasted 00:07:29 (940 turns).

Goblin1989 the Insei (Demonspawn Transmuter)         Turns: 940, Time: 00:07:29

Health: -1/26      AC:  6    Str: 11    XL:     3   Next: 8%
Magic:  6/6        EV:  8    Int: 14    God:    Ru [......]
Gold:   65         SH:  3    Dex: 13    Spells: 1 memorised, 5 levels left

rFire  . . .     SeeInvis .       - Unarmed
rCold  + . .     Clarity  .     e - +0 scale mail
rNeg   . . .     SustAt   .     f - +0 buckler
rPois  .         Gourm    .     (no helmet)
rElec  .         Spirit   .     (no cloak)
rCorr  .         Warding  .     (no gloves)
rMut   .         Stasis   .     (no boots)
MR     .....                    (no amulet)
Stlth  +.........               (no ring)
                                c - ring of protection from cold

@: not resistant to hostile enchantments, very unstealthy
A: hooves 1, nightstalker 1
a: Renounce Religion


You were on level 3 of the Dungeon.
You worshipped Ru.
Ru was noncommittal.
You were not hungry.

You visited 1 branch of the dungeon, and saw 4 of its levels.

You collected 65 gold pieces.

Inventory:

Missiles
 a - 40 arrows
Armour
 e - a +0 scale mail (worn)
 f - a +0 buckler (worn)
 q - a +0 ring mail
Jewellery
 c - a ring of protection from cold (left hand)
Scrolls
 b - a scroll of fear {unknown}
 h - a scroll of magic mapping {unknown}
 i - 2 scrolls of identify {unknown}
 j - a scroll of enchant armour {unknown}
 o - a scroll of random uselessness {unknown}
Potions
 l - a potion of flight {unknown}
 m - 2 potions of degeneration {unknown}
 n - a potion of might {unknown}
Books
 r - a book of Changes

   Spells                             Type                      Level
   a - Beastly Appendage              Transmutation                1
   b - Sticks to Snakes               Transmutation                2
   c - Spider Form                    Transmutation/Poison         3
   d - Ice Form                       Ice/Transmutation            4
   e - Blade Hands                    Transmutation                5
Comestibles
 d - a bread ration {@e1}
 g - 5 fruits
 k - 2 meat rations {@e2}
 p - a royal jelly


   Skills:
 - Level 1.2 Fighting
 - Level 2.0 Dodging
 + Level 3.5 Unarmed Combat
 - Level 2.0 Spellcasting
 - Level 1.9 Transmutations


You had 5 spell levels left.
You knew the following spells:

 Your Spells              Type           Power        Failure   Level  Hunger
a - Beastly Appendage     Trmt           #.....       96%         1    ##.....


Dungeon Overview and Level Annotations

Branches:
Dungeon (4/15)
 Temple: D:4-7

Altars:
Ashenzari
Ru

Shops:
D:4 *


Innate Abilities, Weirdness & Mutations

You have large cloven feet.
You are slightly more attuned to the shadows.


Message History

You take 2 damage, and have 24/26 hp.
You hit the gnoll. You kick the gnoll, but do no damage.
The gnoll is moderately wounded.
The gnoll hits you. The gnoll hits you but does no damage.
You take 6 damage, and have 18/26 hp.
MASSIVE DAMAGE!!
The gnoll closely misses you. The gnoll hits you but does no damage.
The gnoll hits you.
You take 2 damage, and have 16/26 hp.
The gnoll hits you with a club.
* * * LOW HITPOINT WARNING * * *
There is an open door, spattered with blood here.
You take 6 damage, and have 10/26 hp.
MASSIVE DAMAGE!!
The gnoll hits you with a club.
* * * LOW HITPOINT WARNING * * *
You take 5 damage, and have 5/26 hp.
You barely miss the gnoll. Your kick misses the gnoll.
The gnoll barely misses you.
Your shield and scale mail prevent you from hitting the gnoll.
The gnoll hits you with a club.
You die...

....█▲█.█
........█
.......█
......█
█....█ █....█
█...>█
████████....█
█<...@gg....▲
████████....█


██████ You could see 2 gnolls.

Vanquished Creatures
  A ball python (D:1)
  2 giant cockroaches
  6 goblins
  3 hobgoblins
  2 jackals (D:2)
  5 bats
  6 giant newts
  3 kobolds (D:1)
  2 rats
30 creatures vanquished.

Notes
Turn   | Place    | Note
--------------------------------------------------------------
     0 | D:1      | Goblin1989 the Demonspawn Transmuter began the quest for the Orb.
     0 | D:1      | Reached XP level 1. HP: 15/15 MP: 3/3
   115 | D:1      | Lost mutation: You have claws for feet. [demonic ancestry]
   115 | D:1      | Lost mutation: You have razor-sharp toenails. [demonic ancestry]
   115 | D:1      | Lost mutation: You have sharp toenails. [demonic ancestry]
   115 | D:1      | Gained mutation: You have large cloven feet. [demonic ancestry]
   115 | D:1      | Reached XP level 2. HP: 12/21 MP: 3/5
   248 | D:1      | Reached skill level 3 in Unarmed Combat
   482 | D:2      | Found a sacrificial altar of Ru.
   492 | D:2      | Became a worshipper of Ru the Awakened
   663 | D:2      | Gained mutation: You are slightly more attuned to the shadows. [demonic ancestry]
   663 | D:2      | Reached XP level 3. HP: 24/26 MP: 6/6
   845 | D:2      | Found a shattered altar of Ashenzari.
   895 | D:4      | Found Fisam's Assorted Antiques.
   940 | D:3      | Slain by a gnoll

Action                   || total
-------------------------++-------
Melee: Unarmed           ||   128
 Cast: Beastly Appendage ||     4

Vault maps used:
D:1:      minmay_arrival_cross
D:2:      nicolae_overflow_hidden_temple, nicolae_ru_sacrificial_ziggurat
D:3:      lemuel_doored_altar, nicolae_gozag_cash_rules_everything_around_me,
          uniq_natasha, uniq_grinder
D:4:      serial_shops, shop_statue, first_bread, bloody_trog
